 Dungeon Crawl Stone Soup version 0.22.1-5-g62c59d919a (webtiles) character file.

512 Riddle the Charmwright (level 6, 0/55 HPs)
             Began as a Troll Skald on Jan 15, 2019.
             Slain by a killer bee (7 damage)
             ... on level 4 of the Dungeon.
             The game lasted 00:05:00 (3347 turns).

Riddle the Charmwright (Troll Skald)                Turns: 3347, Time: 00:05:01

Health: 0/55       AC:  8    Str: 18    XL:     6   Next: 99%
Magic:  7/9        EV: 10    Int:  9    God:
Gold:   114        SH:  0    Dex: 10    Spells: 7/11 levels left

rFire    . . .     SeeInvis .     - Unarmed
rCold    . . .     Gourm    +   (no shield)
rNeg     . . .     Faith    .   a - +0 robe
rPois    +         Spirit   .   (helmet restricted)
rElec    .         Reflect  .   t - +2 cloak {rPois}
rCorr    .         Harm     .   (gloves unavailable)
MR       .....                  (boots unavailable)
Stlth    +.........             g - amulet of the acrobat
HPRegen  0.58/turn              e - -3 ring of strength (curse)
MPRegen  0.11/turn              (no ring)

@: lethally poisoned (0 -> -1)
A: large, unfitting armour, claws 3, fast metabolism 3, gourmand, regeneration
1, shaggy fur 1, tough skin 2
a: no special abilities


You were on level 4 of the Dungeon.
You were very full.

You visited 1 branch of the dungeon, and saw 4 of its levels.

You collected 114 gold pieces.

Inventory:

Armour
 a - a +0 robe (worn)
 t - a +2 cloak of poison resistance (worn)
Jewellery
 e - a cursed -3 ring of strength (left claw)
 g - an amulet of the acrobat (around neck)
 u - a +5 amulet of reflection {unknown}
Wands
 r - a wand of random effects (52)
Scrolls
 d - a scroll of magic mapping {unknown}
 h - 3 scrolls of identify
 k - a scroll of enchant armour {unknown}
 o - 2 scrolls of teleportation {unknown}
 q - a scroll of remove curse {unknown}
Potions
 b - a potion of heal wounds
 f - 3 potions of agility {unknown}
 i - a potion of brilliance {unknown}
 j - a potion of invisibility {unknown}
 l - a potion of haste {unknown}
 m - a potion of degeneration {unknown}
 n - a potion of curing {unknown}
 p - a potion of magic {unknown}
 s - a potion of mutation {unknown}
Comestibles
 c - 9 rations


   Skills:
 - Level 1.5 Fighting
 - Level 1.9 Dodging
 - Level 2.0 Unarmed Combat
 + Level 3.0 Spellcasting
 + Level 3.6 Charms
 + Level 2.8 Necromancy


You had 7 spell levels left.
You knew the following spells:

 Your Spells              Type           Power        Failure   Level  Hunger
a - Infusion              Chrm           #...         7%          1    ##.....
b - Regeneration          Chrm/Necr      #.........   24%         3    ####...

Your spell library contained the following spells:

 Spells                   Type           Power        Failure   Level  Hunger
 Song of Slaying          Chrm           #.......     11%         2    ###....
 Shroud of Golubria       Chrm/Tloc      #.........   22%         2    ###....
 Spectral Weapon          Hex/Chrm       #.......     38%         3    ####...


Dungeon Overview and Level Annotations

Branches:
Dungeon (4/15)
 Temple: D:4-7

Altars:
Hepliaklqana
Uskayaw
Zin


Innate Abilities, Weirdness & Mutations

You are too large for most types of armour.
You have claws for hands.
Your metabolism is lightning-fast.
You like to eat raw meat.
Your natural rate of healing is unusually fast.
You are covered in fur. (AC +1)
You have very tough skin. (AC +2)


Message History

You feel sick. The killer bee barely misses you.
You miss the killer bee.
You feel sick. The killer bee barely misses you. The killer bee stings you.
You miss the killer bee.
You feel sick. The killer bee stings you. The killer bee closely misses you.
You claw the killer bee!
The killer bee is heavily wounded.
Your skin stops crawling.
You feel sick. The killer bee barely misses you.
The killer bee completely misses you.
You miss the killer bee.
The killer bee is heavily wounded.
You feel sick. The killer bee stings you.
* * * LOW HITPOINT WARNING * * *
The killer bee stings you.
* * * LOW HITPOINT WARNING * * *
You closely miss the killer bee.
The killer bee is heavily wounded.
You feel sick. The killer bee stings you!
You die...

.##..# ..#..# #.#..#
#.#..# #.#..# #....# .
♣♣#######..########≈.
♣......@y.>......P≈PP ≈
♣♣♣♣♣#.########PP≈PPP
..≈≈♣≈♣♣.........P.P≈♣
≈≈≈≈.≈≈...####PP≈P♣≈≈≈P
≈≈≈PP♣≈♣###PPP.≈≈♣≈≈PP.P
≈≈P♣♣♣♣♣..P≈P≈≈≈♣PPP.###
♣ ♣.♣####.P≈≈≈≈♣PP.....
♣......P≈≈≈♣♣PP.P.###
♣♣###..PP≈≈≈≈♣PP..#


You could see a killer bee.

Vanquished Creatures
  A phantom (D:4)
  A killer bee (D:4)
  An orc priest (D:3)
  An orc wizard (D:3)
  Crazy Yiuf (D:3)
  Terence (D:3)
  An iguana (D:2)
  Natasha (thrice) (D:3)
  A worker ant (D:3)
  3 adders
  An ooze (D:1)
  4 worms
  2 dart slugs (D:3)
  3 leopard geckos
  12 orcs (D:3)
  3 giant cockroaches
  8 goblins
  8 hobgoblins
  6 jackals
  14 kobolds
  2 quokkas (D:2)
  6 bats
  7 frilled lizards
  7 rats
97 creatures vanquished.

Notes
Turn   | Place    | Note
-------+----------+-------------------------------------------
     0 | D:1      | Riddle the Troll Skald began the quest for the Orb.
     0 | D:1      | Reached XP level 1. HP: 19/19 MP: 1/1
    46 | D:1      | Reached XP level 2. HP: 26/27 MP: 1/3
   200 | D:1      | Reached XP level 3. HP: 31/33 MP: 4/4
   537 | D:2      | Learned a level 3 spell: Regeneration
   954 | D:2      | Reached XP level 4. HP: 29/41 MP: 6/6
  1015 | D:2      | Found a faded altar of an unknown god.
  1104 | D:2      | Noticed a hand axe
  1105 | D:2      | Noticed a dagger
  1108 | D:2      | Found a hide-covered altar of Uskayaw.
  1152 | D:2      | Found a hazy altar of Hepliaklqana.
  1216 | D:2      | Reached skill level 1 in Necromancy
  1860 | D:3      | Noticed Natasha
  1889 | D:3      | Reached XP level 5. HP: 32/48 MP: 7/7
  2563 | D:3      | Noticed Terence
  2571 | D:3      | Killed Terence
  2571 | D:3      | Reached XP level 6. HP: 41/55 MP: 8/8
  2727 | D:3      | Killed Natasha
  2764 | D:3      | Noticed an angel
  2765 | D:3      | Found a glowing silver altar of Zin.
  2860 | D:3      | Found a runed door.
  2966 | D:3      | Noticed Natasha
  2977 | D:3      | Killed Natasha
  3073 | D:3      | Noticed Crazy Yiuf
  3080 | D:3      | Killed Crazy Yiuf
  3151 | D:3      | Noticed Natasha
  3155 | D:3      | Killed Natasha
  3347 | D:4      | Slain by a killer bee

Skill      XL: |  1  2  3  4  5  6 |
---------------+-------------------+-----
Spellcasting   | 2 3 |  3.0
Necromancy     | 1 2 |  2.8
Charms         | 3 |  3.6
Fighting       | |  1.5
Dodging        | |  1.9
Unarmed Combat | |  2.0

Action                   |  1- 3 |  4- 6 || total
-------------------------+-------+-------++-------
Melee: Unarmed           |   126 |   209 ||   335
       Punch             |     1 |       ||     1
 Cast: Regeneration      |       |     1 ||     1
  Use: Scroll            |     1 |       ||     1
       Potion            |       |     1 ||     1
 Stab: Sleeping          |       |     1 ||     1
  Eat: Chunk             |    12 |    23 ||    35
Armor: Robe              |    36 |    51 ||    87
Dodge: Dodged            |    73 |   123 ||   196
